 Dungeon Crawl Stone Soup version 0.28-a0-425-gd0eccab798 (webtiles) character file.

Game seed: 3348408253212378002

76307 lunkers the Fighter (level 16, 0/124 HPs)
             Began as a Djinni Earth Elementalist on Sept 8, 2021.
             Was an Initiate of Gozag.
             Slain by a naga warrior (12 damage)
             ... on level 1 of the Snake Pit on Sept 9, 2021.
             The game lasted 00:58:08 (39099 turns).

lunkers the Fighter (Djinni Earth Elementalist)    Turns: 39099, Time: 00:58:08

Health: 0/124      AC: 14    Str: 10    XL:     16   Next: 1%
Gold:   5631       EV: 14    Int: 23    God:    Gozag SH:  9 Dex: 15

rFire   + + .      SeeInvis .   a - +4 demon trident
rCold   . . .      Faith    .   p - +0 kite shield
rNeg    . . .      Spirit   .   z - +2 robe {rC+}
rPois   ∞          Reflect  .   I - +2 hat
rElec   .          Harm     .   o - +0 cloak
rCorr   .          Rampage  .   E - +2 pair of gloves {Str+3}
Will    +....                   (boots unavailable)
Stlth   ++........              (no amulet)
HPRegen 0.30/turn               d - +4 ring of protection
MPRegen 0.00/turn               u - +4 ring of evasion

@: gold aura, flying, studying 2 skills
A: sickness immunity, fire resistance 2, cold vulnerability 1, float, innate
caster, hp casting, extra vitality 1
a: Renounce Religion, Potion Petition, Call Merchant, Bribe Branch


You were on level 1 of the Snake Pit.
You worshipped Gozag.
Gozag was greatly pleased with you.
You visited 5 branches of the dungeon, and saw 21 of its levels.
You also visited: Volcano.

You collected 6845 gold pieces.
You spent 1189 gold pieces at shops.
You paid 25 gold pieces to Gozag.

Inventory:

Hand Weapons
 a - a +4 demon trident (weapon)
Missiles
 f - 634 stones
 y - 5 throwing nets
Armour
 h - the +2 buckler of Hospitality {+Inv rElec rPois rN+ Dex-4}
   (You acquired it on level 7 of the Dungeon)

   Dex:       It affects your dexterity (-4).
   rElec:     It insulates you from electricity.
   rPois:     It protects you from poison.
   rN:        It protects you from negative energy.
   +Inv:      It lets you turn invisible.
 i - the +1 scale mail "Qaew" {Int+4 Dex+2}
   (You bought it in a shop on level 2 of the Orcish Mines)

   Int:       It affects your intelligence (+4).
   Dex:       It affects your dexterity (+2).
 o - a +0 cloak (worn)
 p - a +0 kite shield (worn)
 v - +0 steam dragon scales
 z - a +2 robe of cold resistance (worn)
 E - a +2 pair of gloves of strength (worn)
 G - a +2 leather armour of fire resistance
 I - a +2 hat (worn)
Jewellery
 d - a +4 ring of protection (left hand)
 j - a ring of willpower
 u - a +4 ring of evasion (right hand)
 D - a ring of protection from cold
Wands
 b - a wand of paralysis (19)
 m - a wand of acid (9)
 H - a wand of iceblast (27)
 N - a wand of polymorph (12)
Scrolls
 e - 2 scrolls of vulnerability
 n - 2 scrolls of blinking
 s - 7 scrolls of magic mapping
 w - 2 scrolls of silence
 J - 2 scrolls of teleportation
 K - a scroll of enchant weapon
 L - a scroll of enchant armour
Potions
 c - 6 potions of haste
 g - 4 potions of lignification
 k - 4 potions of resistance
 l - 2 potions of invisibility
 q - 4 potions of ambrosia
 t - 7 potions of curing
 x - 3 potions of berserk rage
 A - 4 potions of flight
 B - a potion of brilliance {unknown}
 C - 2 potions of mutation
 F - 2 potions of cancellation
 M - a potion of attraction
 O - a potion of experience {unknown}
Miscellaneous
 r - a box of beasts (inert)


   Skills:
 + Level 14.6 Fighting
 + Level 11.5 Polearms
 - Level 2.1 Dodging
 - Level 1.5 Stealth
 + Level 5.0 Shields
 + Level 13.6 Spellcasting


You had 6 spell levels left.
You knew the following spells:

 Your Spells              Type           Power      Damage    Failure   Level
a - Stone Arrow           Conj/Erth      100%       3d13      1%          3
b - Passwall              Tmut/Erth      56%        N/A       1%          2
c - Sandblast             Erth           100%       2d20      1%          1
d - Petrify               Tmut/Erth      68%        N/A       1%          4
e - Shock                 Conj/Air       100%       1d9       1%          1
f - Wereblood             Tmut           68%        N/A       1%          2
g - Ignite Poison         Fire/Tmut/Pois 68%        N/A       1%          3
h - Cause Fear            Hex            34%        N/A       1%          4
i - Silence               Hex/Air        34%        N/A       1%          5
j - Freezing Cloud        Conj/Ice/Air   34%        6-21      1%          5
k - Dispersal             Tloc           34%        N/A       8%          6
Your spell library was empty.

Dungeon Overview and Level Annotations

Branches:
Dungeon (11/15)            Temple (1/1) D:4            Lair (6/6) D:8
 Shoals (0/4) Lair:3        Snake (1/4) Lair:4        Slime (0/5) Lair:6
    Orc (2/2) D:11            Elf (0/3) Orc:2       Volcano (visited)

Altars:
Ashenzari
Cheibriados
Dithmenos
Elyvilon
Fedhas
Gozag
Hepliaklqana
Kikubaaqudgha
Makhleb
Nemelex Xobeh
Okawaru
Qazlal
Ru
Sif Muna
Trog
Uskayaw
Vehumet
Wu Jian
Xom
Yredelemnul
Zin
The Shining One
Beogh
Jiyva

Shops:
D:9 [   Orc:2 ?[(=

Annotations:
D:4 1 runed translucent door, Gmanzz2004's ghost, weakling HuDe
Lair:3 exclusion: 4 oklob plants
Lair:4 1 runed translucent door, Iwuung's ghost, journeyman DjFE
Lair:5 2 transporters


Innate Abilities, Weirdness & Mutations

You are immune to sickness and miasma.
You are immune to poison.
Your flesh is very heat resistant. (rF++)
You are vulnerable to cold. (rC-)
You float through the air rather than walking.
You learn spells naturally, not from books.
Your magical power is your life essence.
You have superior vitality. (+4 HP)


Message History

Your Shields skill increases to level 5!
You have reached level 16!
You feel clever.
Casting: Freezing Cloud (mildly dangerous; 1% risk of failure)
Confirm with . or Enter, or press ? or * to list all spells.
Aiming: Stone Arrow (safe; 1% risk of failure)
Press: ? - help, Shift-Dir - straight line, f - naga warrior
Aim: a naga warrior, wielding a +0 trident (freezing vapour, moderately wounded, strong, 78% to hit)
The stone arrow hits the naga warrior!!
The naga warrior is heavily wounded.
* * * LOW HITPOINT WARNING * * *
The naga warrior is engulfed in freezing vapours.
Unknown command.
Unknown command.
Unknown command.
Unknown command.
Casting: Stone Arrow (safe; 1% risk of failure)
Confirm with . or Enter, or press ? or * to list all spells.
Aiming: Stone Arrow (safe; 1% risk of failure)
Press: ? - help, Shift-Dir - straight line, f/p - naga warrior
Aim: a naga warrior, wielding a +0 trident (freezing vapour, severely wounded, strong, 78% to hit)
The stone arrow misses the naga warrior.
* * * LOW HITPOINT WARNING * * *
The naga warrior is engulfed in freezing vapours.
Unknown command.
Unknown command.
Casting: Stone Arrow (safe; 1% risk of failure)
Confirm with . or Enter, or press ? or * to list all spells.
Aiming: Stone Arrow (safe; 1% risk of failure)
Press: ? - help, Shift-Dir - straight line, f/p - naga warrior
Aim: a naga warrior, wielding a +0 trident (freezing vapour, severely wounded, strong, 78% to hit)
The stone arrow hits the naga warrior!
The naga warrior is almost dead.
* * * LOW HITPOINT WARNING * * *
The naga sharpshooter is engulfed in freezing vapours.
The naga sharpshooter is distracted by your dazzling golden aura.
The naga warrior is engulfed in freezing vapours.
The naga warrior hits you from afar with a +0 trident!
You die...
Your body crumbles into a pile of gold.

#......).###...(....N.N.
#.........##.°§§§N§§....
##.........#..§§§§§.....
##...........§§○§§....#
##...........§§§....#
##..........§§§...#
######'#####N### #.#
###.#######
########.###..@.......
###............#.#######
....######.###.#.#
###...<....# #.#)#
########## #.#.# #....
#####


You could see a naga warrior (strong) and a naga sharpshooter (strong, unaware).

Vanquished Creatures
  Saint Roka (Orc:1)
  Aizul (Snake:1)
  Harold (Orc:1)
  4 ogre magi (Orc:2)
  6 hydras
  3 catoblepae (Lair:6)
  5 two-headed ogres
  9 death yaks (Lair:6)
  A naga sharpshooter (Snake:1)
  A hell hog (Volcano)
  Urug (Lair:3)
  Nergalle (D:11)
  2 orc knights
  A cyclops (Orc:1)
  7 orc sorcerers
  2 salamanders (Volcano)
  5 elephants
  2 manticores (Lair:6)
  6 black mambas (Snake:1)
  18 cane toads
  A naga mage (Snake:1)
  A gargoyle (D:11)
  Maggie (D:10)
  Psyche (D:10)
  6 komodo dragons
  An unseen horror (D:11)
  3 rime drakes
  2 ice devils (D:11)
  2 polar bears
  4 merfolk (Lair:3)
  9 trolls
  A queen bee (Lair:3)
  11 dream sheep (Lair:4)
  10 blink frogs
  10 wyverns
  Sigmund (D:6)
  A vampire (D:10)
  2 fire bats (Volcano)
  2 steam dragons
  35 yaks
  4 basilisks
  2 vampire mosquitoes (D:7)
  9 wargs
  5 nagas
  A hell hound (Volcano)
  3 acid dragons
  23 water moccasins
  24 orc warriors
  An ice beast (D:5)
  A sky beast (D:5)
  A hornet zombie (D:5)
  2 black bears
  2 necrophages
  2 centaurs (D:10)
  15 ogres
  26 wolves
  3 phantoms
  2 kobold brigands
  9 bullfrogs
  3 scorpions
  A water moccasin zombie (D:5)
  A wyvern skeleton (D:6)
  76 killer bees
  10 wights
  6 electric eels
  4 howler monkeys
  2 centaur zombies
  A centaur skeleton (D:6)
  4 hounds
  12 orc priests
  2 gnoll shamans
  An iguana (D:3)
  26 orc wizards
  A hell rat (Lair:3)
  A killer bee zombie (D:6)
  2 river rats (Lair:3)
  4 adders
  8 gnolls
  A shadow imp (D:7)
  2 white imps
  2 ufetubi
  2 adder skeletons
  4 worms (D:2)
  58 orcs
  10 ball pythons
  11 bats
  6 endoplasms
  4 giant cockroaches
  17 goblins
  8 hobgoblins
  3 jackals (D:1)
  3 quokkas
  6 frilled lizards
  18 kobolds
  3 rats
639 creatures vanquished.

Vanquished Creatures (others)
  A two-headed ogre (Volcano)
  A centaur (Volcano)
  3 bushes (D:8)
  41 fungi
  75 plants
121 creatures vanquished.

Grand Total: 760 creatures vanquished

Notes
Turn   | Place    | Note
-------+----------+-------------------------------------------
     0 | D:1      | lunkers the Djinni Earth Elementalist began the quest for
                  | the Orb.
     0 | D:1      | Reached XP level 1. HP: 15/15 MP: 0/0
    82 | D:1      | Reached XP level 2. HP: 16/22 MP: 0/0
   362 | D:1      | Reached skill level 1 in Fighting
   547 | D:1      | Reached XP level 3. HP: 26/27 MP: 0/0
   547 | D:1      | Learned a level 1 spell: Shock
  1099 | D:1      | Found a faded altar of an unknown god.
  1789 | D:2      | Reached XP level 4. HP: 22/33 MP: 0/0
  2562 | D:2      | Reached skill level 2 in Fighting
  3619 | D:3      | Reached XP level 5. HP: 28/38 MP: 0/0
  3619 | D:3      | Learned a level 2 spell: Wereblood
  4273 | D:4      | Noticed a necrophage
  4572 | D:4      | Found a staircase to the Ecumenical Temple.
  4578 | D:4      | Noticed a necrophage
  4926 | D:3      | Killed a necrophage
  4927 | D:3      | Reached skill level 3 in Fighting
  4927 | D:3      | Reached XP level 6. HP: 28/46 MP: 0/0
  5105 | Temple   | Entered the Ecumenical Temple
  5303 | Temple   | Became a worshipper of Gozag Ym Sagoz the Greedy
  5325 | D:4      | Killed a necrophage
  5414 | D:4      | Found a runed translucent door.
  5460 | D:4      | Reached XP level 7. HP: 40/50 MP: 0/0
  5460 | D:4      | Learned a level 3 spell: Ignite Poison
  5680 | D:4      | Reached skill level 5 in Spellcasting
  5952 | D:4      | Reached skill level 4 in Fighting
  6062 | D:4      | Noticed Gmanzz2004's ghost (weakling HuDe)
  6090 | D:5      | Entered Level 5 of the Dungeon
  6128 | D:5      | Reached XP level 8. HP: 42/58 MP: 0/0
  6465 | D:5      | Reached skill level 5 in Fighting
  6742 | D:5      | Found a bloodstained altar of Trog.
  7045 | D:5      | Reached XP level 9. HP: 60/66 MP: 0/0
  7045 | D:5      | Learned a level 4 spell: Cause Fear
  7084 | D:5      | Reached skill level 6 in Fighting
  7444 | D:6      | Noticed Sigmund
  7452 | D:6      | Killed Sigmund
  8608 | D:6      | Reached skill level 1 in Shields
  8940 | D:7      | Reached skill level 7 in Fighting
  9055 | D:7      | Found a shadowy altar of Dithmenos.
  9115 | D:7      | Reached XP level 10. HP: 68/75 MP: 0/0
 10114 | D:7      | Identified 2 scrolls of acquirement
 10114 | D:7      | Acquired the +2 buckler of Hospitality {+Inv rElec rPois
                  | rN+ Dex-4}
 10126 | D:7      | Acquired a manual of Shields
 10529 | D:8      | Reached skill level 8 in Fighting
 11349 | D:8      | Found a staircase to the Lair.
 11944 | D:9      | Reached XP level 11. HP: 64/82 MP: 0/0
 11944 | D:9      | Learned a level 5 spell: Silence
 11948 | D:9      | Reached skill level 10 in Spellcasting
 12216 | D:9      | Reached skill level 9 in Fighting
 12837 | D:9      | Found Feexaod's Armour Shoppe.
 13186 | D:9      | Bought a +2 pair of gloves for 280 gold pieces
 13261 | D:10     | Entered Level 10 of the Dungeon
 13465 | D:10     | Noticed Maggie
 13471 | D:10     | Killed Maggie
 13472 | D:10     | Reached skill level 1 in Polearms
 13675 | D:10     | Noticed Psyche
 13682 | D:10     | Killed Psyche
 13918 | D:10     | Noticed a two-headed ogre
 14159 | D:10     | Killed a two-headed ogre
 14355 | D:11     | Noticed a two-headed ogre
 14360 | D:11     | Killed a two-headed ogre
 14752 | D:11     | Noticed a death knight
 15027 | D:11     | Reached skill level 10 in Fighting
 15435 | D:11     | Noticed an eight-headed hydra
 15449 | D:11     | Killed an eight-headed hydra
 15450 | D:11     | Reached XP level 12. HP: 53/91 MP: 0/0
 15712 | D:11     | Noticed a two-headed ogre
 15731 | D:11     | Killed a two-headed ogre
 16661 | D:11     | Reached skill level 5 in Polearms
 17026 | D:11     | Noticed a two-headed ogre
 17032 | D:11     | Killed a two-headed ogre
 17292 | D:11     | Found a staircase to the Orcish Mines.
 17445 | Lair:1   | Entered Level 1 of the Lair of Beasts
 17585 | Lair:1   | Found a dark tunnel.
 17629 | Volcano  | Entered a volcano
 17744 | Volcano  | Noticed a two-headed ogre
 17745 | Volcano  | Noticed a hell hog
 18024 | Volcano  | Killed a two-headed ogre
 18089 | Volcano  | Killed a hell hog
 18524 | Volcano  | Noticed a two-headed ogre
 18542 | Volcano  | Killed a two-headed ogre
 18850 | Lair:1   | Noticed a four-headed hydra
 19245 | Lair:1   | Reached skill level 11 in Fighting
 19599 | Lair:1   | Killed a four-headed hydra
 19600 | Lair:1   | Reached XP level 13. HP: 90/99 MP: 0/0
 19600 | Lair:1   | Learned a level 5 spell: Freezing Cloud
 21777 | Lair:3   | Upgraded the game from 0.28-a0-422-gd71735cc25 to
                  | 0.28-a0-425-gd0eccab798
 23013 | Lair:3   | Noticed Urug
 23019 | Lair:3   | Killed Urug
 23107 | Lair:3   | Reached skill level 12 in Fighting
 25177 | Lair:3   | Found a staircase to the Shoals.
 25256 | Lair:4   | Noticed an eight-headed hydra
 25266 | Lair:4   | Killed an eight-headed hydra
 25442 | Lair:4   | Reached XP level 14. HP: 71/108 MP: 0/0
 25774 | Lair:4   | Found a runed translucent door.
 25774 | Lair:4   | Noticed Iwuung's ghost (journeyman DjFE)
 26335 | Lair:4   | You are sucked into a shaft and drop 2 floors!
 26335 | Lair:6   | Entered Level 6 of the Lair of Beasts
 27434 | Lair:4   | Found a staircase to the Snake Pit.
 27756 | Lair:5   | Reached skill level 13 in Fighting
 28372 | Lair:5   | Found a transporter.
 28373 | Lair:5   | Found a transporter.
 29530 | Lair:6   | Found a staircase to the Slime Pits.
 29530 | Lair:6   | Found a viscous altar of Jiyva.
 30325 | Lair:6   | Reached skill level 10 in Polearms
 31007 | Lair:6   | Reached XP level 15. HP: 80/115 MP: 0/0
 31007 | Lair:6   | Learned a level 6 spell: Dispersal
 31785 | Orc:1    | Entered Level 1 of the Orcish Mines
 31792 | Orc:1    | Noticed Nergalle
 31798 | Orc:1    | Noticed Harold
 31804 | D:11     | Killed Nergalle
 32790 | Orc:1    | Killed Harold
 33407 | Orc:1    | Reached skill level 14 in Fighting
 33794 | Orc:2    | Entered Level 2 of the Orcish Mines
 33794 | Orc:2    | Noticed Saint Roka
 35515 | Orc:1    | HP: 5/117 [Saint Roka/divine providence (13)]
 35521 | Orc:1    | Killed Saint Roka
 36276 | Orc:2    | Found a staircase to the Elven Halls.
 36967 | Orc:2    | Paralysed by an orc sorcerer for 4 turns
 37195 | Orc:2    | Found Rivvavul's Antique Armour Shoppe.
 37220 | Orc:2    | Found Vilexkit's Magic Scroll Emporium.
 37231 | Orc:2    | Bought a scroll of acquirement for 572 gold pieces
 37231 | Orc:2    | Acquired a manual of Polearms
 37464 | Orc:2    | Found Gesm's Antique Weapon Shoppe.
 37670 | Orc:2    | Paralysed by an orc sorcerer for 3 turns
 37762 | Orc:2    | Found Gurar's Jewellery Emporium.
 38006 | Orc:2    | Bought a jewelled scale mail for 225 gold pieces
 38006 | Orc:2    | Identified the +1 scale mail "Qaew" {Int+4 Dex+2} (You
                  | bought it in a shop on level 2 of the Orcish Mines)
 38011 | Orc:2    | Bought a kite shield for 112 gold pieces
 38252 | Snake:1  | Entered Level 1 of the Snake Pit
 38405 | Snake:1  | Noticed Aizul
 38416 | Snake:1  | Killed Aizul
 39097 | Snake:1  | Reached skill level 5 in Shields
 39097 | Snake:1  | Reached XP level 16. HP: 20/124 MP: 0/0
 39099 | Snake:1  | Slain by a naga warrior

Illustrated notes

Levels and vault maps discovered:
D:1:      co_arrival_square_in_a_square_in_a_square, layout_rooms,
          shapermc_ecumenical_altar_notcrosses
D:2:      cheibrodos_helix_gallery, layout_basic, columned_hall_lemuel
D:3:      layout_basic
D:4:      layout_rooms, minmay_temple_entry_arrows,
          ebering_ghost_reflecting_pool, minmay_ogre_servants
D:5:      layout_rooms, nicolae_overflow_crystal_walls
D:6:      layout_cave_pods, kennysheep_opposing_triangles, uniq_sigmund
D:7:      layout_basic, nicolae_dithmenos_shadow_blocks, minmay_quadrilaterals
D:8:      layout_rooms, minmay_lair_entry_grove
D:9:      layout_loops_ring, serial_shops, nicolae_inconvenience_store
D:10:     layout_cave_pools, uniq_maggie, uniq_psyche
D:11:     layout_long_grid, erik_orc_2, portal_ice_cave_demonic_guard
Temple:   regret_index_temple_chain_breaker
Lair:1:   layout_hall_layers, nicolae_volcano_entry_two_sided
Lair:2:   wad_woods_minihive, layout_long_grid, infiniplex_staircase_pool
Lair:3:   hangedman_what_comes_after_a, layout_regular_city,
          elwin_shoals_entry_stream, uniq_urug
Lair:4:   statuecave_lemuel, layout_gridlike,
          minmay_snake_entry_guardpost_medium, ebering_ghost_inner_flame,
          serial_bayou_shore_a, grunt_megastairs_1
Lair:5:   gammafunk_boulding_lane, layout_regular_city
Lair:6:   evilmike_catoblepas_cave, layout_loops_ring, slime_altar_1,
          nicolae_lair_grove_arrangements
Snake:1:  layout_gridlike, grunt_megastairs_2, uniq_aizul, uniq_roxanne
Orc:1:    layout_caves, nicolae_orc_sculptors_studio, mines5_lemuel,
          uniq_nergalle, uniq_harold
Orc:2:    kennysheep_orc_mage_school, layout_caves, mines_bat_river,
          uniq_saint_roka

Skill      XL: |  1  2  3  4  5  6  7  8  9 10 11 12 13 14 15 |
---------------+----------------------------------------------+-----
Fighting       | 1 2 3 4 5 7 8 10 11 12 13 14 | 14.6
Spellcasting   | 3 4 5 7 8 9 11 12 13 | 13.6
Shields        | 2 4 5 |  5.0
Polearms       | 3 7 8 10 11 | 11.5
Dodging        | |  2.1
Stealth        | |  1.5

Action                   |  1- 3 |  4- 6 |  7- 9 | 10-12 | 13-15 | 16-18 || total
-------------------------+-------+-------+-------+-------+-------+-------++-------
Melee: Unarmed           |     2 |       |       |       |       |       ||     2
       Demon trident     |       |       |       |     2 |     8 |       ||    10
 Cast: Sandblast         |    30 |       |       |       |     5 |       ||    35
       Stone Arrow       |    21 |    78 |   110 |   327 |   676 |     3 ||  1215
       Petrify           |       |       |       |     6 |     1 |       ||     7
       Freezing Cloud    |       |       |       |       |    72 |       ||    72
       Cause Fear        |       |       |       |       |     2 |       ||     2
Evoke: Box of beasts     |       |       |       |       |     1 |       ||     1
  Use: Scroll            |       |       |       |    23 |    10 |       ||    33
       Potion            |       |       |       |     1 |     5 |       ||     6
Armor: Robe              |     5 |    16 |     4 |    13 |   107 |       ||   145
       Steam dragon scal |       |       |       |    37 |    51 |       ||    88
Dodge: Dodged            |     6 |    41 |     6 |    74 |   310 |       ||   437
Block: Buckler           |       |       |     1 |    45 |   134 |       ||   180
       Kite shield       |       |       |       |       |     7 |       ||     7

Table legend: (Time is in decaauts)
 A = Elapsed time spent in this place.
 B = Non-inter-level travel time spent in this place.
 C = Inter-level travel time spent in this place.
 D = Time resting spent in this place.
 E = Time spent auto-exploring this place.
 F = Levels seen in this place.
 G = Mean time per level.
                   A        B        C        D        E       F      G
               +--------+--------+--------+--------+--------+-----+--------+
         Total |  39149 |  37759 |   1390 |   7274 |  25670 |  22 | 1779.5 |
       Dungeon |  18886 |  18086 |    800 |   4013 |  12072 |  11 | 1716.9 |
        Temple |    213 |    179 |     34 |      0 |    128 |   1 |  213.0 |
          Lair |  13224 |  12758 |    466 |   1825 |   9374 |   6 | 2204.0 |
     Snake Pit |    846 |    846 |      0 |    322 |    422 |   1 |  846.0 |
  Orcish Mines |   4819 |   4731 |     88 |    438 |   3512 |   2 | 2409.5 |
       Volcano |   1158 |   1158 |      0 |    676 |    162 |   1 | 1158.0 |
               +--------+--------+--------+--------+--------+-----+--------+

Top non-repeatable levels by time:
    D:11: 3960 daAuts
  Lair:2: 2812 daAuts
   Orc:1: 2809 daAuts
  Lair:3: 2558 daAuts
  Lair:6: 2509 daAuts
  Lair:4: 2099 daAuts
   Orc:2: 2009 daAuts
     D:2: 1973 daAuts
     D:3: 1935 daAuts
  Lair:5: 1825 daAuts
     D:9: 1692 daAuts
     D:7: 1663 daAuts
     D:6: 1650 daAuts
    D:10: 1563 daAuts
  Lair:1: 1420 daAuts
